 Dungeon Crawl Stone Soup version 0.29.1-15-g9cfb28693d (console) character file.

Game seed: 13552298320583075710

2 sentinel the Digger (level 1, 14/14 HPs)
             Began as a Meteoran Earth Elementalist on Aug 19, 2023.
             Quit the game on level 1 of the Dungeon.
             The game lasted 00:00:04 (55 turns).

sentinel the Digger (Meteoran Earth Elementalist)     Turns: 55, Time: 00:00:05

Health: 14/14      AC:  2    Str:  9    XL:     1   Next: 57%
Magic:  4/5        EV: 12    Int: 16    God:
Gold:   0          SH:  0    Dex: 14    Spells: 4/5 levels left

rFire   . . .      SeeInvis .   (no weapon)
rCold   . . .      Faith    .   (no shield)
rNeg    . . .      Spirit   .   a - +0 robe
rPois   .          Reflect  .   (no helmet)
rElec   .          Harm     .   (no cloak)
rCorr   .          Rampage  .   (no gloves)
Will    .....                   (no boots)
Stlth   +.........              (no amulet)
HPRegen 0.04/turn               (no ring)
MPRegen 0.09/turn               (no ring)

@: glowing
A: sense surroundings 1, otherworldly, glowing, explore regen
a: no special abilities


You were on level 1 of the Dungeon.
You visited 1 branch of the dungeon, and saw 1 of its levels.

Inventory:

Armour
 a - a +0 robe (worn)
Potions
 b - a potion of magic
 c - a potion of mutation {unknown}
 d - a potion of cancellation {unknown}


   Skills:
 - Level 2.4 Dodging
 - Level 1.4 Stealth
 - Level 2.6 Spellcasting
 - Level 1.2 Transmutations
 + Level 3.9 Earth Magic


You had 4 spell levels left.
You knew the following spells:

 Your Spells              Type           Power      Damage    Failure   Level
a - Sandblast             Erth           28%        2d8       4%          1

Your spell library contained the following spells:

 Spells                   Type           Power      Damage    Failure   Level
 Passwall                 Tmut/Erth      8%         N/A       11%         2
 Stone Arrow              Conj/Erth      16%        3d8       26%         3
 Call Canine Familiar     Summ           2%         N/A       50%         3
 Portal Projectile        Hex/Tloc       4%         N/A       50%         3
 Petrify                  Tmut/Erth      10%        N/A       56%         4
 Leda's Liquefaction      Hex/Erth       4%         N/A       65%         4


Dungeon Overview and Level Annotations

Branches:
Dungeon (1/15) Zot: 542

Altars:


Innate Abilities, Weirdness & Mutations

You passively map a small area around you.
You are easily found by Zot.
You glow in the dark.
You regain HP and MP as you explore.


Message History

Welcome, sentinel the Meteoran Earth Elementalist.
If you return without finding the Orb of Zot, so far below, it's all over!
Press ? for a list of commands and other information.
Found a fuming silvery potion.
Found a staircase leading out of the dungeon.
Unknown command.
Unknown command.
Unknown command.
Found 3 stones and a short sword.
Unknown command.
c - a fuming silvery potion Unknown command.
You see here a +0 short sword.
A rat comes into view.
Found a book of the Hunter.
Unknown command.
But you're not safe!
Unknown command.
But you're not safe!
Unknown command.
You can't see any susceptible monsters within range! (Use Z to cast anyway.) Unknown command.
You can't see any susceptible monsters within range! (Use Z to cast anyway.) Unknown command.
You can't see any susceptible monsters within range! (Use Z to cast anyway.) Unknown command.
You can't see any susceptible monsters within range! (Use Z to cast anyway.) Unknown command.
The blast of sand hits the rat!
You kill the rat!
You can't see any susceptible monsters within range! (Use Z to cast anyway.) Unknown command.
You can't see any susceptible monsters within range! (Use Z to cast anyway.) Unknown command.
You can't see any susceptible monsters within range! (Use Z to cast anyway.) Unknown command.
You can't see any susceptible monsters within range! (Use Z to cast anyway.) Unknown command.
No target in view!
No target in view!
You can't see any susceptible monsters within range! (Use Z to cast anyway.) Unknown command.
You can't see any susceptible monsters within range! (Use Z to cast anyway.) Unknown command.
You can't see any susceptible monsters within range! (Use Z to cast anyway.) Unknown command.
You can't see any susceptible monsters within range! (Use Z to cast anyway.) Unknown command.
Magic restored.
d - a blue potion Unknown command.
You pick up a book of the Hunter and begin reading...
You add the spells Call Canine Familiar, Portal Projectile and Leda's Liquefaction to your library.
Unknown command.
A rat comes into view.
Unknown command.
But you're not safe!
Unknown command.
But you're not safe!
Unknown command.
Found a pair of gloves.
The blast of sand misses the rat.
The blast of sand hits the rat.
You kill the rat!
Unknown command.
You can't see any susceptible monsters within range! (Use Z to cast anyway.) Unknown command.
You can't see any susceptible monsters within range! (Use Z to cast anyway.) Unknown command.
You can't see any susceptible monsters within range! (Use Z to cast anyway.) Unknown command.
No target in view!
No target in view!
You can't see any susceptible monsters within range! (Use Z to cast anyway.) Unknown command.
You can't see any susceptible monsters within range! (Use Z to cast anyway.) Unknown command.
You can't see any susceptible monsters within range! (Use Z to cast anyway.) Unknown command.
You can't see any susceptible monsters within range! (Use Z to cast anyway.) Unknown command.
No target in view!
No target in view!
You can't see any susceptible monsters within range! (Use Z to cast anyway.) Unknown command.
You can't see any susceptible monsters within range! (Use Z to cast anyway.) Unknown command.
You can't see any susceptible monsters within range! (Use Z to cast anyway.) Unknown command.
You can't see any susceptible monsters within range! (Use Z to cast anyway.) Unknown command.
An endoplasm comes into view.
Found 7 gold pieces.
The endoplasm quivers.
Unknown command.
But you're not safe!
Unknown command.
But you're not safe!
Unknown command.
But you're not safe!
Unknown command.
But you're not safe!
Unknown command.
The blast of sand hits the endoplasm.
The endoplasm is severely wounded.
The blast of sand hits the endoplasm!
You kill the endoplasm!
Unknown command.
You can't see any susceptible monsters within range! (Use Z to cast anyway.) Unknown command.
You can't see any susceptible monsters within range! (Use Z to cast anyway.) Unknown command.
You can't see any susceptible monsters within range! (Use Z to cast anyway.) Unknown command.
No target in view!
No target in view!
You can't see any susceptible monsters within range! (Use Z to cast anyway.) Unknown command.
You can't see any susceptible monsters within range! (Use Z to cast anyway.) Unknown command.
You can't see any susceptible monsters within range! (Use Z to cast anyway.) Unknown command.
You can't see any susceptible monsters within range! (Use Z to cast anyway.) Unknown command.
No target in view!
No target in view!
You can't see any susceptible monsters within range! (Use Z to cast anyway.) Unknown command.
You can't see any susceptible monsters within range! (Use Z to cast anyway.) Unknown command.
You can't see any susceptible monsters within range! (Use Z to cast anyway.) Unknown command.
You can't see any susceptible monsters within range! (Use Z to cast anyway.) Unknown command.
Found a stone staircase leading down.
Unknown command.
A quokka comes into view.
Found a dagger.
Unknown command.
But you're not safe!
Unknown command.
But you're not safe!
Unknown command.
But you're not safe!
Unknown command.
Unknown command.
Unknown command.
Unknown command.
Are you sure you want to abandon this character and quit the game? (Confirm with "yes".)

########## * * #
#........., ., #......# *
**#) #..#..>...,
###.##########..######.,
...................$...
##....#######..######*
##.!....######..# ,
#......@........# ,
........##...†..########
,
*.##....#####.#..........
#...#. #.##.####.### *
.r.###.* *#.##.# #.## *
#. * #. ,,#.##.# #..# #
##* #.##.# ##.# *,#.##.#*
#.# * #.#..[ * #.#


You could see a quokka.

Vanquished Creatures
  An endoplasm (D:1)
  2 rats (D:1)
3 creatures vanquished.

Notes
Turn   | Place    | Note
-------+----------+-------------------------------------------
     0 | D:1      | sentinel the Meteoran Earth Elementalist began the quest
                  | for the Orb.
     0 | D:1      | Reached XP level 1. HP: 14/14 MP: 5/5
    55 | D:1      | Quit the game

Illustrated notes

Levels and vault maps discovered:
D:1:      lemuel_arrival_cross, layout_loops_ring,
          dreamdust_ecumenical_altar_grove

Action                   || total
-------------------------++-------
 Cast: Sandblast         ||     5
